 Dungeon Crawl Stone Soup version 0.25-a0-589-g1e14c549ee (webtiles) character file.

Game seed: 14327566203899187461, levelgen mode: deterministic

1204 Korbz the Firebug (level 8, 0/63 HPs)
             Began as a Pale Draconian Fire Elementalist on Mar 12, 2020.
             Slain by Maggie
             ... wielding a +2 glaive of draining
              (3 damage)
             ... on level 6 of the Dungeon.
             The game lasted 01:16:01 (12161 turns).

Korbz the Firebug (DrFE)                           Turns: 12161, Time: 01:16:01

Health: 0/63       AC:  9    Str: 12    XL:     8   Next: 21%
Magic:  7/15       EV: 13    Int: 17    God:
Gold:   215        SH:  0    Dex: 11    Spells: 12/16 levels left

rFire    . . .     SeeInvis .   m - +1 hand axe (venom)
rCold    . . .     Gourm    .   (no shield)
rNeg     . . .     Faith    .   (armour unavailable)
rPois    .         Spirit   .   o - +1 hat
rElec    .         Reflect  .   V - +0 cloak {MR+}
rCorr    .         Harm     .   i - +0 pair of gloves
MR       +....                  (no boots)
Stlth    ++........             E - amulet of the acrobat
HPRegen  0.20/turn              (no ring)
MPRegen  0.14/turn              (no ring)

@: about to teleport, mesmerised, drained
A: breathe steam, unfitting armour, cold-blooded, AC +6
a: Breathe Steam


You were on level 6 of the Dungeon.
You were not hungry.

You visited 1 branch of the dungeon, and saw 6 of its levels.

You collected 215 gold pieces.

Inventory:

Hand Weapons
 m - a +1 hand axe of venom (weapon)
 t - a +0 hunting sling
 v - a +0 halberd
 B - a +0 whip
 C - a +0 hunting sling
 D - a +0 rapier
 K - a +1 dagger of electrocution
 P - a +3 quarterstaff of chaos
 Q - a +0 shortbow
 U - a +0 dagger of flaming
Missiles
 d - 51 bolts
 h - 5 javelins (quivered)
 n - 59 poisoned darts
 z - 3 atropa-tipped darts
 A - 148 stones
 H - a throwing net
 L - 5 boomerangs
 T - 49 arrows
Armour
 f - a +1 hat
 i - a +0 pair of gloves (worn)
 o - a +1 hat (worn)
 x - a +0 kite shield
 V - a +0 cloak of magic resistance (worn)
Jewellery
 E - an amulet of the acrobat (around neck)
 I - a cursed ring of attention
 O - an uncursed ring of teleportation
Wands
 F - a wand of polymorph (8)
 M - a wand of random effects (20)
 R - a wand of digging (4)
Scrolls
 a - a scroll of identify
 g - 3 scrolls of teleportation
 l - a scroll of blinking {unknown}
 p - 2 scrolls of fear {unknown}
 s - a scroll of enchant weapon {unknown}
 y - 3 scrolls of remove curse
 N - 2 scrolls of enchant armour {unknown}
 S - a scroll of fog {unknown}
 X - a scroll of immolation {unknown}
Potions
 c - 2 potions of ambrosia {unknown}
 e - a potion of degeneration {unknown}
 j - 2 potions of stabbing {unknown}
 k - a potion of lignification {unknown}
 q - 3 potions of resistance
 r - 3 potions of haste {unknown}
 u - 2 potions of might
 w - 2 potions of brilliance
 J - a potion of curing {unknown}
 W - a potion of flight {unknown}
 Y - a potion of berserk rage {unknown}
Comestibles
 b - 6 rations
 G - 5 chunks of flesh


   Skills:
 * Level 3.2(2.6) Fighting
 - Level 1.5(0.9) Axes
 - Level 0.6(0.1) Slings
 * Level 3.5(2.9) Dodging
 + Level 3.0(2.4) Stealth
 * Level 1.4(0.9) Shields
 + Level 4.8(4.2) Spellcasting
 + Level 4.0(3.3) Conjurations
 + Level 5.7(5.0) Fire Magic


You had 12 spell levels left.
You knew the following spells:

 Your Spells              Type           Power        Failure   Level  Hunger
a - Foxfire               Conj/Fire      ###.         2%          1    None
b - Conjure Flame         Conj/Fire      ###.....     9%          3    ###....

Your spell library contained the following spells:

 Spells                   Type           Power        Failure   Level  Hunger
 Inner Flame              Hex/Fire       ##......     16%         3    ###....
 Sticky Flame             Conj/Fire      ###.....     26%         4    ####...
 Confusing Touch          Hex            #.......     43%         3    ###....
 Gell's Gravitas          Tloc           #.........   43%         3    ###....
 Fireball                 Conj/Fire      ###.......   58%         5    ######.
 Petrify                  Tmut/Erth      #.......     83%         4    ####...
 Metabolic Englaciation   Hex/Ice        #.........   99%         5    ######.
 Yara's Violent Unravell  Hex/Tmut       #.........   99%         5    ######.


Dungeon Overview and Level Annotations

Branches:
Dungeon (6/15)
 Temple: D:4-7

Altars:

Annotations:
D:6 Maggie


Innate Abilities, Weirdness & Mutations

You can breathe blasts of scalding, opaque steam.
Your pale cyan-grey scales are hard. (AC +6)
You cannot fit into any form of body armour.
You are cold-blooded and may be slowed by cold attacks.


Message History

Your foxfire dissipates!
Maggie hits you but does no damage.
You feel drained.
You cannot move away from Maggie!
You cannot move away from Maggie!
You hit Maggie.
Maggie is moderately wounded.
Maggie casts a spell at you. The bolt of fire hits you!!
* * * LOW HITPOINT WARNING * * *
The bolt of fire hits your foxfire.
Your foxfire completely resists.
As you read the scroll of teleportation, it crumbles to dust.
You feel strangely unstable. Maggie closely misses you.
You cannot move away from Maggie!
You hit Maggie but do no damage.
Maggie looks as sick as possible!
Maggie is moderately wounded.
Maggie hits you with a +2 glaive of draining!
* * * LOW HITPOINT WARNING * * *
You feel drained.
You die...

..#.#####.......#.#§#
#.# ..#.#
#.......#.#.# #.#
....# #......÷#.÷.#
#.# .#..#
#.......##### #.#
.#..# #..........#
#.# .##.#
#.#####.##.# #.#
.##.. .... ...##.#
#.#
####.####.########.#
#.# .. #....@@..# #.#
#.# #.......#..# #.#
#.......#..######.#
#.......#(..(@....#
........#.######..#
........#.# #..#
........#.# #@[#
......###+# #..# #..#


You could see Maggie.

Vanquished Creatures
  Prince Ribbit (D:6)
  A centaur (D:5)
  2 bullfrogs
  A crimson imp (D:5)
  5 orc priests
  Crazy Yiuf (D:3)
  A hound (D:6)
  A jelly (D:5)
  A centaur skeleton (D:5)
  Natasha (thrice) (D:3)
  2 orc wizards
  4 worker ants
  A hound zombie (D:6)
  7 gnolls (D:4)
  8 adders
  2 oozes
  An adder zombie (D:6)
  3 worms
  3 dart slugs
  4 leopard geckos
  17 orcs
  2 ball pythons
  6 bats
  2 giant cockroaches
  7 goblins
  5 hobgoblins
  4 jackals
  9 kobolds
  A quokka (D:2)
  2 frilled lizards
  A giant cockroach zombie (D:5)
  A quokka skeleton (D:6)
  5 rats
114 creatures vanquished.

Vanquished Creatures (others)
  491 foxfires
491 creatures vanquished.

Grand Total: 605 creatures vanquished

Notes
Turn   | Place    | Note
-------+----------+-------------------------------------------
     0 | D:1      | Korbz the Draconian Fire Elementalist began the quest for
                  | the Orb.
     0 | D:1      | Reached XP level 1. HP: 14/14 MP: 3/3
   473 | D:1      | Reached XP level 2. HP: 20/20 MP: 1/5
  1755 | D:1      | Reached XP level 3. HP: 23/26 MP: 2/6
  4271 | D:3      | Noticed Natasha
  4715 | D:3      | Killed Natasha
  4715 | D:3      | Reached XP level 4. HP: 27/34 MP: 4/8
  4885 | D:3      | Noticed Natasha
  4890 | D:3      | Killed Natasha
  5004 | D:3      | Noticed Natasha
  5013 | D:3      | Killed Natasha
  5013 | D:3      | Reached XP level 5. HP: 39/39 MP: 1/10
  6195 | D:3      | Reached skill level 4 in Fire Magic
  6969 | D:3      | Reached XP level 6. HP: 36/46 MP: 7/11
  6977 | D:3      | Reached skill level 1 in Fighting
  7302 | D:3      | Found a runed translucent door.
  7303 | D:3      | Noticed Crazy Yiuf
  7328 | D:3      | Killed Crazy Yiuf
  9060 | D:4      | Your scales start taking on a pale cyan-grey colour.
  9060 | D:4      | Reached skill level 5 in Fire Magic
  9060 | D:4      | Reached XP level 7. HP: 53/53 MP: 7/13
  9761 | D:5      | Entered Level 5 of the Dungeon
 10655 | D:5      | Reached skill level 1 in Axes
 11500 | D:6      | Learned a level 3 spell: Conjure Flame
 11761 | D:6      | Noticed Maggie
 11771 | D:6      | Reached XP level 8. HP: 62/62 MP: 9/14
 12021 | D:6      | Noticed Prince Ribbit
 12046 | D:6      | Killed Prince Ribbit
 12046 | D:6      | Reached skill level 1 in Shields
 12161 | D:6      | HP: 3/63 [Maggie/+2 glaive of draining (14)]
 12161 | D:6      | Slain by Maggie

Levels and vault maps discovered:
D:1:      evilmike_arrival_plus, layout_basic, minmay_unequal
D:2:      layout_basic
D:3:      layout_rooms, glass_columns_c, uniq_crazy_yiuf_cottage, uniq_natasha
D:4:      layout_loops_ring, first_ration
D:5:      layout_loops_cross
D:6:      layout_basic, minmay_temple_entry_fiery, uniq_grinder, uniq_maggie,
          uniq_prince_ribbit1

Skill      XL: |  1  2  3  4  5  6  7  8 |
---------------+-------------------------+-----
Dodging        | 2 3 |  3.5
Stealth        | 2 3 |  3.0
Spellcasting   | 3 4 |  4.8
Conjurations   | 2 3 4 |  4.0
Fire Magic     | 4 5 |  5.7
Fighting       | 1 2 3 |  3.2
Axes           | 1 |  1.5
Shields        | 1 |  1.4
Slings         | |  0.6

Action                   |  1- 3 |  4- 6 |  7- 9 || total
-------------------------+-------+-------+-------++-------
Melee: Unarmed           |     8 |       |       ||     8
       Whip              |    19 |       |       ||    19
       Tailslap          |     3 |     2 |     2 ||     7
       Dagger            |     7 |     3 |       ||    10
       Hand axe          |       |     8 |    45 ||    53
 Fire: Hunting sling     |       |       |    11 ||    11
 Cast: Foxfire           |    82 |   152 |   102 ||   336
       Conjure Flame     |       |       |     7 ||     7
Evoke: Wand              |       |       |     1 ||     1
  Use: Scroll            |       |     2 |     8 ||    10
 Stab: Sleeping          |     1 |       |     2 ||     3
  Eat: Chunk             |     7 |     8 |     9 ||    24
       Ration            |     2 |     1 |     1 ||     4
Armor: Skin              |    16 |     5 |    35 ||    56
Dodge: Dodged            |    36 |    20 |    99 ||   155

Table legend:
 A = Non-vault XP
 B = Vault XP
 C = Vault XP percentage of total XP
 D = Non-vault monster count
 E = Vault monster count
 F = Vault count percentage of total count
                 A         B        C        D         E       F
            +---------+---------+-------+---------+---------+-------
      Total |    1369 |     351 |  20.4 |     107 |       7 |   6.1
            +---------+---------+-------+---------+---------+-------
        D:1 |      42 |       6 |  12.5 |      16 |       4 |  20.0
        D:2 |      42 |       0 |   0.0 |      16 |       0 |   0.0
        D:3 |     434 |      77 |  15.1 |      29 |       2 |   6.5
        D:4 |     202 |       0 |   0.0 |      18 |       0 |   0.0
        D:5 |     378 |       0 |   0.0 |      17 |       0 |   0.0
        D:6 |     271 |     268 |  49.7 |      11 |       1 |   8.3
            +---------+---------+-------+---------+---------+-------
